St.Louis Blues vs Arizona Coyotes
Created - Saturday, November 11, 2023 at 08:31
Goals
|
| St.Louis Blues |
0 |
1 |
1 |
0 |
2 |
3 |
| Arizona Coyotes |
0 |
0 |
2 |
0 |
0 |
2 |
|
Shots
|
| St.Louis Blues |
7 |
10 |
16 |
1 |
3 |
34 |
| Arizona Coyotes |
16 |
10 |
10 |
0 |
2 |
36 |
|
1st period
No Goal
Penalties :
Alex Pietrangelo (STL) for Hooking (Minor) at 4:42, Brock McGinn (AZC) for Cross-checking (Minor) at 9:27
2nd period
1. St.Louis Blues , Mikhail Sergachev 4 (Jake Sanderson 14, Yanni Gourde 9) at 14:33
Penalties :
Adam Pelech (STL) for Tripping (Minor) at 1:43, Mikhail Sergachev (STL) for Holding (Minor) at 11:46, T.J. Oshie (AZC) for Tripping (Minor) at 14:36, Lawson Crouse (STL) for Tripping (Minor) at 19:17
3rd period
2. Arizona Coyotes , Mats Zuccarello 37 (Claude Giroux 39, Jani Hakanpaa 17) at 3:19
3. Arizona Coyotes , Claude Giroux 39 (Mats Zuccarello 52, Jani Hakanpaa 18) at 11:37
4. St.Louis Blues , Robert Thomas 22 (Jack Eichel 27, Evander Kane 16) at 17:40 (PP)
Penalties :
Jake Guentzel (STL) for Hooking (Minor) at 5:03, Dmitry Orlov (AZC) for Interference (Minor) at 16:06
Overtime #1
No Goal
Penalties :
No Penalty
Shootout
St.Louis Blues, Elias Pettersson - Shot Misses the Net
Arizona Coyotes, Claude Giroux - Stopped by Scott Wedgewood
St.Louis Blues, Tage Thompson - Goal!
Arizona Coyotes, Mats Zuccarello - Stopped by Scott Wedgewood
St.Louis Blues, Alex Tuch - Goal!
Penalties :
No Penalty
Goalie Stats
Scott Wedgewood (STL), 34 saves from 36 shots - (0.944), W, 9-5-4, 65:00 minutes
Carter Hart (AZC), 32 saves from 34 shots - (0.941), OTL, 25-18-4, 65:00 minutes
Players Stats for St.Louis Blues
Player Name G A P +/- PIM S H SB GA TA FO MP PP MP PK MP
------------------------------------------------------------------------------------
Adam Pelech 0 0 0 0 2 2 1 2 0 1 0/0 19:37 0:00 3:19
Alex Pietrangelo 0 0 0 -1 2 0 0 2 0 3 0/0 17:46 2:15 0:00
Alex Tuch 0 0 0 -1 0 1 1 0 0 0 0/1 19:40 3:17 0:00
Andrew Copp 0 0 0 0 0 3 2 0 0 2 1/4 12:26 0:00 5:02
Colton Parayko 0 0 0 -1 0 0 2 3 0 0 0/0 22:27 0:00 4:53
Elias Pettersson 0 0 0 -1 0 3 1 2 0 0 7/18 19:27 2:20 1:08
Evander Kane 0 1 1 -1 0 1 1 0 0 0 0/0 13:15 3:12 0:00
Jack Eichel 0 1 1 0 0 3 0 0 2 0 7/12 14:57 3:12 0:00
Jake Guentzel 0 0 0 0 2 2 1 0 1 0 0/0 14:15 2:20 0:00
Jake Sanderson 0 1 1 0 0 0 1 5 0 1 0/0 22:30 0:00 6:17
Lawson Crouse 0 0 0 -1 2 3 2 0 3 0 0/0 15:15 0:00 3:54
Mark Stone 0 0 0 0 0 3 0 1 1 0 0/0 13:59 2:15 0:00
Mikhail Sergachev 1 0 1 0 2 1 0 0 0 0 0/0 22:10 3:17 0:45
Nick Leddy 0 0 0 1 0 0 0 0 0 0 0/0 20:24 0:00 4:36
Nico Sturm 0 0 0 1 0 1 1 0 0 0 5/8 14:55 0:00 4:53
Robert Thomas 1 0 1 -1 0 4 3 0 2 0 7/15 15:05 3:12 0:00
Tage Thompson 0 0 0 -1 0 6 2 1 1 1 1/1 18:20 2:20 0:00
Yanni Gourde 0 1 1 1 0 1 0 1 0 0 0/1 13:32 0:00 4:53
Players Stats for Arizona Coyotes
Player Name G A P +/- PIM S H SB GA TA FO MP PP MP PK MP
------------------------------------------------------------------------------------
Brandon Tanev 0 0 0 -1 0 0 0 0 0 0 0/1 8:10 0:00 0:00
Brayden McNabb 0 0 0 1 0 2 2 3 0 0 0/0 27:44 3:33 2:21
Brock McGinn 0 0 0 -1 2 0 1 1 0 0 0/0 8:11 0:00 0:00
Charlie Coyle 0 0 0 0 0 2 2 3 0 0 4/9 21:41 4:45 3:13
Claude Giroux 1 1 2 2 0 6 2 1 1 0 20/33 21:47 4:52 2:17
Dmitry Orlov 0 0 0 0 2 0 0 3 0 2 0/0 24:30 6:22 2:03
Erik Haula 0 0 0 0 0 3 2 1 1 1 1/2 16:23 4:59 0:00
Jakob Silfverberg 0 0 0 0 0 2 1 0 1 0 0/0 10:54 0:00 0:00
James van Riemsdyk 0 0 0 0 0 3 1 0 0 0 0/1 12:59 0:15 0:00
Jani Hakanpaa 0 2 2 1 0 1 1 3 0 3 0/0 27:44 3:33 2:21
Jared Spurgeon 0 0 0 0 0 2 0 3 0 2 0/0 25:39 6:22 3:11
Mason McTavish 0 0 0 -1 0 3 0 0 0 0 0/1 10:19 0:04 0:02
Mats Zuccarello 1 1 2 2 0 2 0 0 1 1 0/2 21:49 4:52 2:17
Matt Dumba 0 0 0 0 0 0 0 0 0 0 0/0 12:45 0:00 1:08
Ondrej Palat 0 0 0 0 0 1 1 1 1 0 0/0 12:58 0:00 0:02
Radko Gudas 0 0 0 0 0 0 0 0 0 0 0/0 11:37 0:00 0:00
T.J. Oshie 0 0 0 2 2 3 2 0 1 1 0/2 17:55 4:59 0:00
Tyler Seguin 0 0 0 0 0 6 2 0 2 0 7/9 21:20 4:59 3:13
3 Stars
1 - Claude Giroux (AZC)
2 - Mats Zuccarello (AZC)
3 - Scott Wedgewood (STL)
Power Play
St.Louis Blues - 1 on 3 Attempt(s) - 33.33%
Arizona Coyotes - 0 on 5 Attempt(s) - 0.00%
Penalty Kill
St.Louis Blues - 5 on 5 Attempt(s) - 100.00%
- Score 0 goal in Penalty Kill
Arizona Coyotes - 2 on 3 Attempt(s) - 66.67%
- Score 0 goal in Penalty Kill
Team Stat
St.Louis Blues - Hits : 18 - Faceoff Wins : 28 - Blocked Shots : 17 - Penalty Minutes : 10
Arizona Coyotes - Hits : 17 - Faceoff Wins : 32 - Blocked Shots : 19 - Penalty Minutes : 6
Official
Referees : Eric Furlatt and Jon Mclsaac
Linesman : Don Henderson and David Brisebois
Game Notes
No Game Note
Finance
Level 1 -- Attendance: 6000 (100.00%) -- Ticket Income $540,000
Level 2 -- Attendance: 5000 (100.00%) -- Ticket Income $275,000
Level 3 -- Attendance: 3000 (100.00%) -- Ticket Income $90,000
Level 4 -- Attendance: 4951 (99.02%) -- Ticket Income $99,020
Luxury Box -- Attendance: 1000 (100.00%) -- Ticket Income $190,000
Game was played at the Gila River Arena.
Total Attendance: 19951 (99.76%)
Total Ticket Income: $1,194,020
Other Income: $417,907
Total Income: $1,611,927
St.Louis Blues
5 vs 5 Forward
Center Left Wing Right Wing Time % Phy DF OF
1 Elias Pettersson Alex Tuch Tage Thompson 35 0 1 4
2 Jack Eichel Jake Guentzel Mark Stone 30 1 1 3
3 Robert Thomas Lawson Crouse Evander Kane 25 1 2 2
4 Nico Sturm Andrew Copp Yanni Gourde 10 1 3 1
5 vs 5 Defense
Defense Defense Time % Phy DF OF
1 Jake Sanderson Alex Pietrangelo 35 1 2 2
2 Mikhail Sergachev Colton Parayko 33 1 2 2
3 Nick Leddy Adam Pelech 32 1 2 2
4 Jake Sanderson Alex Pietrangelo 0 1 2 2
PowerPlay Forward
Center Left Wing Right Wing Time % Phy DF OF
1 Elias Pettersson Jake Guentzel Tage Thompson 50 0 1 4
2 Robert Thomas Jack Eichel Evander Kane 50 0 1 4
PowerPlay Defense
Defense Defense Time % Phy DF OF
1 Alex Tuch Mikhail Sergachev 50 1 1 3
2 Alex Pietrangelo Mark Stone 50 1 1 3
Penalty Kill 4 Players Forward
Center Wing Time % Phy DF OF
1 Nico Sturm Yanni Gourde 50 1 4 0
2 Andrew Copp Lawson Crouse 50 1 4 0
Penalty Kill 4 Players Defense
Defense Defense Time % Phy DF OF
1 Adam Pelech Colton Parayko 50 1 4 0
2 Jake Sanderson Nick Leddy 50 1 4 0
Penalty Kill - 3 Players Forward
Forward Time % Phy DF OF
1 Nico Sturm 50 0 5 0
2 Andrew Copp 50 0 5 0
Penalty Kill - 3 Players Defense
Defense Defense Time % Phy DF OF
1 Adam Pelech Colton Parayko 50 0 5 0
2 Jake Sanderson Nick Leddy 50 0 5 0
4 vs 4 Forward
Center Wing Time % Phy DF OF
1 Elias Pettersson Tage Thompson 50 0 2 3
2 Robert Thomas Alex Tuch 50 0 2 3
4 vs 4 Defense
Defense Defense Time % Phy DF OF
1 Jake Sanderson Alex Pietrangelo 50 0 3 2
2 Colton Parayko Mikhail Sergachev 50 0 3 2
Last Minutes Offensive
Center Left Wing Right Wing Defense Defense
Robert Thomas Elias Pettersson Tage Thompson Alex Tuch Mikhail Sergachev
Last Minutes Defensive
Center Left Wing Right Wing Defense Defense
Nico Sturm Andrew Copp Yanni Gourde Jake Sanderson Colton Parayko
Goaltenders
Starting : Scott Wedgewood
Backup : Connor Hellebuyck
Extra Forwards
Normal : Nico Sturm, Robert Thomas, Lawson Crouse - PP : Nico Sturm, Robert Thomas - PK : Lawson Crouse
Extra Defensemen
Normal : Nick Leddy, Jake Sanderson, Colton Parayko - PP : Nick Leddy - PK : Jake Sanderson, Colton Parayko
Penalty Shots
Elias Pettersson, Tage Thompson, Alex Tuch, Jack Eichel, Jake Guentzel
Arizona Coyotes
5 vs 5 Forward
Center Left Wing Right Wing Time % Phy DF OF
1 Claude Giroux Mats Zuccarello T.J. Oshie 35 1 1 3
2 Tyler Seguin Erik Haula James van Riemsdyk 30 1 1 3
3 Charlie Coyle Jakob Silfverberg Ondrej Palat 25 0 2 3
4 Mason McTavish Brandon Tanev Brock McGinn 10 1 2 2
5 vs 5 Defense
Defense Defense Time % Phy DF OF
1 Jani Hakanpaa Brayden McNabb 40 1 3 1
2 Dmitry Orlov Jared Spurgeon 35 1 3 1
3 Radko Gudas Matt Dumba 25 1 3 1
4 Jani Hakanpaa Brayden McNabb 0 1 3 1
PowerPlay Forward
Center Left Wing Right Wing Time % Phy DF OF
1 Claude Giroux Mats Zuccarello Charlie Coyle 60 1 1 3
2 Tyler Seguin Erik Haula T.J. Oshie 40 1 1 3
PowerPlay Defense
Defense Defense Time % Phy DF OF
1 Dmitry Orlov Jared Spurgeon 55 1 1 3
2 Jani Hakanpaa Brayden McNabb 45 1 1 3
Penalty Kill 4 Players Forward
Center Wing Time % Phy DF OF
1 Claude Giroux Mats Zuccarello 50 1 3 1
2 Charlie Coyle Tyler Seguin 50 1 3 1
Penalty Kill 4 Players Defense
Defense Defense Time % Phy DF OF
1 Brayden McNabb Jani Hakanpaa 51 2 3 0
2 Dmitry Orlov Jared Spurgeon 49 1 4 0
Penalty Kill - 3 Players Forward
Forward Time % Phy DF OF
1 Jakob Silfverberg 50 1 3 1
2 Erik Haula 50 1 3 1
Penalty Kill - 3 Players Defense
Defense Defense Time % Phy DF OF
1 Jani Hakanpaa Brayden McNabb 50 1 4 0
2 Matt Dumba Radko Gudas 50 1 4 0
4 vs 4 Forward
Center Wing Time % Phy DF OF
1 Claude Giroux Mats Zuccarello 50 1 1 3
2 Charlie Coyle Tyler Seguin 50 1 1 3
4 vs 4 Defense
Defense Defense Time % Phy DF OF
1 Dmitry Orlov Jared Spurgeon 50 1 3 1
2 Jani Hakanpaa Brayden McNabb 50 1 2 2
Last Minutes Offensive
Center Left Wing Right Wing Defense Defense
Claude Giroux Mats Zuccarello Charlie Coyle Dmitry Orlov Jared Spurgeon
Last Minutes Defensive
Center Left Wing Right Wing Defense Defense
Claude Giroux Mats Zuccarello Charlie Coyle Dmitry Orlov Jared Spurgeon
Goaltenders
Starting : Carter Hart
Backup : Elvis Merzlikins
Extra Forwards
Normal : James van Riemsdyk, Mason McTavish, Ondrej Palat - PP : James van Riemsdyk, Mason McTavish - PK : Ondrej Palat
Extra Defensemen
Normal : Radko Gudas, Matt Dumba, Jani Hakanpaa - PP : Radko Gudas - PK : Matt Dumba, Jani Hakanpaa
Penalty Shots
Claude Giroux, Mats Zuccarello, Charlie Coyle, Tyler Seguin, T.J. Oshie
% Time on Ice - St.Louis Blues
Lines # - Real PCT - Wanted PCT - Time Play
Normal Forward
1 - 34% - 35% - 15:20
2 - 26% - 30% - 11:45
3 - 23% - 25% - 10:04
4 - 17% - 10% - 7:24
Normal Defense
1 - 36% - 35% - 15:56
2 - 33% - 33% - 14:30
3 - 32% - 32% - 14:07
4 - 0% - 0% - 0:00
PP Forward
1 - 42% - 50% - 2:20
2 - 58% - 50% - 3:12
PP Defense
1 - 59% - 50% - 3:17
2 - 41% - 50% - 2:15
PK Forward
1 - 49% - 50% - 4:53
2 - 51% - 50% - 5:02
PK Defense
1 - 51% - 50% - 5:06
2 - 49% - 50% - 4:49
PK3 Forward
1 - 0% - 50%
2 - 0% - 50%
PK3 Defense
1 - 0% - 50%
2 - 0% - 50%
44 Forward
1 - 41% - 50% - 2:02
2 - 59% - 50% - 2:58
44 Defense
1 - 38% - 50% - 1:55
2 - 62% - 50% - 3:05
Last Minute Offensive - 0:00
Last Minute Defensive - 0:00
Total
Forward - 65:00
Defense - 65:00
|
% Time on Ice - Arizona Coyotes
Lines # - Real PCT - Wanted PCT - Time Play
Normal Forward
1 - 29% - 35% - 12:54
2 - 28% - 30% - 12:35
3 - 24% - 25% - 10:54
4 - 18% - 10% - 8:10
Normal Defense
1 - 39% - 40% - 17:27
2 - 37% - 35% - 16:19
3 - 24% - 25% - 10:47
4 - 0% - 0% - 0:00
PP Forward
1 - 50% - 60% - 4:56
2 - 50% - 40% - 4:59
PP Defense
1 - 64% - 55% - 6:22
2 - 36% - 45% - 3:33
PK Forward
1 - 41% - 50% - 2:17
2 - 59% - 50% - 3:15
PK Defense
1 - 42% - 51% - 2:21
2 - 58% - 49% - 3:11
PK3 Forward
1 - 0% - 50%
2 - 0% - 50%
PK3 Defense
1 - 0% - 50%
2 - 0% - 50%
44 Forward
1 - 52% - 50% - 2:37
2 - 48% - 50% - 2:23
44 Defense
1 - 47% - 50% - 2:22
2 - 53% - 50% - 2:38
Last Minute Offensive - 0:00
Last Minute Defensive - 0:00
Total
Forward - 65:00
Defense - 65:00
|
Play-by-Play
1st period
0:01 of 1st period - Elias Pettersson wins face-off versus Mats Zuccarello in neutral zone.
0:26 of 1st period - Brayden McNabb is hit by Lawson Crouse and loses puck.
1:28 of 1st period - Matt Dumba is hit by Andrew Copp and loses puck.
1:47 of 1st period - Wrist shot by Tage Thompson.
1:47 of 1st period - Shot Misses the Net.
2:00 of 1st period - Tyler Seguin is hit by Lawson Crouse and loses puck.
2:13 of 1st period - Snap shot by Jake Guentzel.
2:13 of 1st period - Shot Blocked by Brayden McNabb.
2:15 of 1st period - Snap shot by Jack Eichel.
2:15 of 1st period - Stopped by Carter Hart with a rebound.
2:17 of 1st period - Wrist shot by Mark Stone.
2:17 of 1st period - Stopped by Carter Hart with a rebound.
2:19 of 1st period - Slapshot by Adam Pelech.
2:19 of 1st period - Stopped by Carter Hart with a rebound.
2:21 of 1st period - Snap shot by Mark Stone.
2:21 of 1st period - Stopped by Carter Hart without a rebound.
2:22 of 1st period - Claude Giroux wins face-off versus Elias Pettersson in Arizona Coyotes zone.
3:39 of 1st period - Nick Leddy is hit by Brock McGinn and loses puck.
4:18 of 1st period - Slapshot by Tyler Seguin.
4:18 of 1st period - Stopped by Scott Wedgewood with a rebound.
4:20 of 1st period - Snap shot by Jared Spurgeon.
4:20 of 1st period - Stopped by Scott Wedgewood without a rebound.
4:21 of 1st period - Jack Eichel wins face-off versus Claude Giroux in St.Louis Blues zone.
4:29 of 1st period - Mats Zuccarello is hit by Jake Guentzel and loses puck.
4:39 of 1st period - Off-side.
4:40 of 1st period - Elias Pettersson wins face-off versus Charlie Coyle in neutral zone.
4:42 of 1st period - Minor Penalty to Alex Pietrangelo for Hooking.
4:43 of 1st period - Claude Giroux wins face-off versus Nico Sturm in St.Louis Blues zone.
5:09 of 1st period - Lawson Crouse is hit by Tyler Seguin and loses puck.
6:31 of 1st period - Mats Zuccarello is hit by Jake Sanderson and loses puck.
6:42 of 1st period - Penalty to Alex Pietrangelo is over, Alex Pietrangelo is back on ice.
7:26 of 1st period - Wrist shot by Mason McTavish.
7:26 of 1st period - Stopped by Scott Wedgewood with a rebound.
7:28 of 1st period - Wrist shot by Jani Hakanpaa.
7:28 of 1st period - Shot Blocked by Jake Sanderson.
7:30 of 1st period - Slapshot by Brayden McNabb.
7:30 of 1st period - Deflect By Mason McTavish.
7:30 of 1st period - Deflect By Jack Eichel.
7:30 of 1st period - Stopped by Scott Wedgewood without a rebound.
7:31 of 1st period - Elias Pettersson wins face-off versus Tyler Seguin in St.Louis Blues zone.
7:40 of 1st period - Wrist shot by Tage Thompson.
7:40 of 1st period - Stopped by Carter Hart without a rebound.
7:41 of 1st period - Tyler Seguin wins face-off versus Alex Tuch in Arizona Coyotes zone.
8:31 of 1st period - Snap shot by Tyler Seguin.
8:31 of 1st period - Shot Misses the Net.
8:33 of 1st period - Wrist shot by Erik Haula.
8:33 of 1st period - Stopped by Scott Wedgewood without a rebound.
8:34 of 1st period - Claude Giroux wins face-off versus Robert Thomas in St.Louis Blues zone.
9:07 of 1st period - Wrist shot by Ondrej Palat.
9:07 of 1st period - Shot Blocked by Mark Stone.
9:25 of 1st period - Slapshot by Andrew Copp.
9:25 of 1st period - Stopped by Carter Hart with a rebound.
9:27 of 1st period - Minor Penalty to Brock McGinn for Cross-checking.
9:28 of 1st period - Claude Giroux wins face-off versus Elias Pettersson in Arizona Coyotes zone.
11:27 of 1st period - Penalty to Brock McGinn is over, Brock McGinn is back on ice.
11:57 of 1st period - Jakob Silfverberg is hit by Alex Tuch and loses puck.
13:12 of 1st period - Snap shot by Erik Haula.
13:12 of 1st period - Stopped by Scott Wedgewood with a rebound.
13:56 of 1st period - Alex Tuch is hit by Charlie Coyle and loses puck.
14:30 of 1st period - Andrew Copp is hit by Claude Giroux and loses puck.
14:45 of 1st period - Snap shot by Tyler Seguin.
14:45 of 1st period - Shot Blocked by Jake Sanderson.
15:19 of 1st period - Brandon Tanev is hit by Adam Pelech and loses puck.
15:34 of 1st period - Snap shot by Charlie Coyle.
15:34 of 1st period - Stopped by Scott Wedgewood with a rebound.
15:36 of 1st period - Snap shot by Ondrej Palat.
15:36 of 1st period - Shot Misses the Net.
16:42 of 1st period - Icing by Jared Spurgeon.
16:43 of 1st period - Claude Giroux wins face-off versus Jack Eichel in Arizona Coyotes zone.
16:45 of 1st period - Icing by Mats Zuccarello.
16:46 of 1st period - Claude Giroux wins face-off versus Jack Eichel in Arizona Coyotes zone.
17:01 of 1st period - Snap shot by Claude Giroux.
17:01 of 1st period - Shot Blocked by Alex Pietrangelo.
17:03 of 1st period - Wrist shot by T.J. Oshie.
17:03 of 1st period - Stopped by Scott Wedgewood with a rebound.
17:35 of 1st period - Snap shot by Mark Stone.
17:35 of 1st period - Shot Misses the Net.
17:45 of 1st period - Slapshot by Jakob Silfverberg.
17:45 of 1st period - Stopped by Scott Wedgewood without a rebound.
17:46 of 1st period - Elias Pettersson wins face-off versus Mats Zuccarello in St.Louis Blues zone.
17:55 of 1st period - Snap shot by T.J. Oshie.
17:55 of 1st period - Stopped by Scott Wedgewood without a rebound.
17:56 of 1st period - Elias Pettersson wins face-off versus T.J. Oshie in St.Louis Blues zone.
18:13 of 1st period - Snap shot by Claude Giroux.
18:13 of 1st period - Shot Blocked by Colton Parayko.
18:15 of 1st period - Snap shot by Claude Giroux.
18:15 of 1st period - Stopped by Scott Wedgewood without a rebound.
18:16 of 1st period - Tyler Seguin wins face-off versus Robert Thomas in St.Louis Blues zone.
18:25 of 1st period - Wrist shot by Evander Kane.
18:25 of 1st period - Deflect By Robert Thomas.
18:25 of 1st period - Stopped by Carter Hart without a rebound.
18:26 of 1st period - Robert Thomas wins face-off versus Tyler Seguin in Arizona Coyotes zone.
18:31 of 1st period - Snap shot by Lawson Crouse.
18:31 of 1st period - Deflect By James van Riemsdyk.
18:31 of 1st period - Shot Misses the Net.
18:31 of 1st period - Puck is out of play.
18:32 of 1st period - Claude Giroux wins face-off versus Elias Pettersson in Arizona Coyotes zone.
18:42 of 1st period - Snap shot by Claude Giroux.
18:42 of 1st period - Shot Blocked by Elias Pettersson.
18:44 of 1st period - Slapshot by Claude Giroux.
18:44 of 1st period - Stopped by Scott Wedgewood with a rebound.
18:46 of 1st period - Snap shot by Brayden McNabb.
18:46 of 1st period - Shot Blocked by Colton Parayko.
18:48 of 1st period - Wrist shot by Claude Giroux.
18:48 of 1st period - Stopped by Scott Wedgewood with a rebound.
19:08 of 1st period - Wrist shot by Jakob Silfverberg.
19:08 of 1st period - Deflect By Ondrej Palat.
19:08 of 1st period - Stopped by Scott Wedgewood with a rebound.
19:26 of 1st period - Backhand shot by Tyler Seguin.
19:26 of 1st period - Stopped by Scott Wedgewood with a rebound.
19:28 of 1st period - Wrist shot by Tyler Seguin.
19:28 of 1st period - Stopped by Scott Wedgewood with a rebound.
19:42 of 1st period - Snap shot by Yanni Gourde.
19:42 of 1st period - Shot Blocked by Brock McGinn.
Goals for this period are 0 for St.Louis Blues vs 0 for Arizona Coyotes.
Shots for this period are 7 for St.Louis Blues vs 16 for Arizona Coyotes.
2nd period
0:01 of 2nd period - Claude Giroux wins face-off versus Elias Pettersson in neutral zone.
0:14 of 2nd period - Wrist shot by Elias Pettersson.
0:14 of 2nd period - Stopped by Carter Hart with a rebound.
0:16 of 2nd period - Snap shot by Elias Pettersson.
0:16 of 2nd period - Stopped by Carter Hart without a rebound.
0:17 of 2nd period - Charlie Coyle wins face-off versus Robert Thomas in Arizona Coyotes zone.
0:28 of 2nd period - Jani Hakanpaa is hit by Evander Kane and loses puck.
0:33 of 2nd period - Slapshot by Robert Thomas.
0:33 of 2nd period - Shot Misses the Net.
1:27 of 2nd period - Wrist shot by Brock McGinn.
1:27 of 2nd period - Shot Misses the Net.
1:37 of 2nd period - Wrist shot by Mason McTavish.
1:37 of 2nd period - Stopped by Scott Wedgewood with a rebound.
1:43 of 2nd period - Minor Penalty to Adam Pelech for Tripping.
1:44 of 2nd period - Claude Giroux wins face-off versus Nico Sturm in St.Louis Blues zone.
1:53 of 2nd period - Wrist shot by Claude Giroux.
1:53 of 2nd period - Stopped by Scott Wedgewood with a rebound.
1:55 of 2nd period - Snap shot by Charlie Coyle.
1:55 of 2nd period - Shot Misses the Net.
1:57 of 2nd period - Slapshot by Dmitry Orlov.
1:57 of 2nd period - Shot Misses the Net.
1:59 of 2nd period - Snap shot by Mats Zuccarello.
1:59 of 2nd period - Shot Misses the Net.
2:13 of 2nd period - Wrist shot by T.J. Oshie.
2:13 of 2nd period - Shot Blocked by Jake Sanderson.
2:15 of 2nd period - Slapshot by Dmitry Orlov.
2:15 of 2nd period - Shot Blocked by Yanni Gourde.
2:17 of 2nd period - Wrist shot by Tyler Seguin.
2:17 of 2nd period - Stopped by Scott Wedgewood without a rebound.
2:18 of 2nd period - Erik Haula wins face-off versus Andrew Copp in St.Louis Blues zone.
2:29 of 2nd period - Nick Leddy is hit by Erik Haula.
3:36 of 2nd period - Snap shot by Tyler Seguin.
3:36 of 2nd period - Stopped by Scott Wedgewood without a rebound.
3:37 of 2nd period - Claude Giroux wins face-off versus Yanni Gourde in St.Louis Blues zone.
3:43 of 2nd period - Penalty to Adam Pelech is over, Adam Pelech is back on ice.
5:13 of 2nd period - Off-side.
5:14 of 2nd period - Elias Pettersson wins face-off versus Brandon Tanev in neutral zone.
5:43 of 2nd period - Snap shot by Ondrej Palat.
5:43 of 2nd period - Shot Blocked by Adam Pelech.
6:07 of 2nd period - Tage Thompson is hit by T.J. Oshie.
6:22 of 2nd period - Off-side.
6:23 of 2nd period - Tyler Seguin wins face-off versus Robert Thomas in neutral zone.
6:36 of 2nd period - Wrist shot by Evander Kane.
6:36 of 2nd period - Shot Misses the Net.
6:38 of 2nd period - Wrist shot by Lawson Crouse.
6:38 of 2nd period - Shot Blocked by Jared Spurgeon.
6:40 of 2nd period - Snap shot by Robert Thomas.
6:40 of 2nd period - Shot Blocked by Jared Spurgeon.
6:50 of 2nd period - Jared Spurgeon is hit by Andrew Copp and loses puck.
7:19 of 2nd period - Snap shot by Yanni Gourde.
7:19 of 2nd period - Shot Blocked by Jani Hakanpaa.
7:29 of 2nd period - Slapshot by James van Riemsdyk.
7:29 of 2nd period - Stopped by Scott Wedgewood with a rebound.
7:31 of 2nd period - Slapshot by Brayden McNabb.
7:31 of 2nd period - Stopped by Scott Wedgewood with a rebound.
7:33 of 2nd period - Wrist shot by James van Riemsdyk.
7:33 of 2nd period - Deflect By Tyler Seguin.
7:33 of 2nd period - Shot Blocked by Colton Parayko.
7:33 of 2nd period - Puck is out of play.
7:34 of 2nd period - Jack Eichel wins face-off versus Claude Giroux in St.Louis Blues zone.
7:43 of 2nd period - Snap shot by Jake Guentzel.
7:43 of 2nd period - Stopped by Carter Hart without a rebound.
7:44 of 2nd period - Jack Eichel wins face-off versus Claude Giroux in Arizona Coyotes zone.
7:45 of 2nd period - Snap shot by Mark Stone.
7:45 of 2nd period - Stopped by Carter Hart with a rebound.
7:49 of 2nd period - Slapshot by Mark Stone.
7:49 of 2nd period - Deflect By Jack Eichel.
7:49 of 2nd period - Stopped by Carter Hart with a rebound.
8:00 of 2nd period - Off-side.
8:01 of 2nd period - Charlie Coyle wins face-off versus Robert Thomas in neutral zone.
8:03 of 2nd period - Off-side.
8:04 of 2nd period - Robert Thomas wins face-off versus Charlie Coyle in neutral zone.
8:30 of 2nd period - Wrist shot by James van Riemsdyk.
8:30 of 2nd period - Stopped by Scott Wedgewood without a rebound.
8:31 of 2nd period - Tyler Seguin wins face-off versus Jack Eichel in St.Louis Blues zone.
10:08 of 2nd period - Snap shot by Claude Giroux.
10:08 of 2nd period - Shot Blocked by Adam Pelech.
10:24 of 2nd period - Wrist shot by Jake Guentzel.
10:24 of 2nd period - Deflect By Alex Tuch.
10:24 of 2nd period - Shot Misses the Net.
10:24 of 2nd period - Puck is out of play.
10:25 of 2nd period - Charlie Coyle wins face-off versus Elias Pettersson in Arizona Coyotes zone.
10:42 of 2nd period - Snap shot by Ondrej Palat.
10:42 of 2nd period - Deflect By Mikhail Sergachev.
10:42 of 2nd period - Shot Blocked by Elias Pettersson.
10:42 of 2nd period - Puck is out of play.
10:43 of 2nd period - Jack Eichel wins face-off versus Claude Giroux in St.Louis Blues zone.
11:14 of 2nd period - Slapshot by Alex Tuch.
11:14 of 2nd period - Deflect By Tage Thompson.
11:14 of 2nd period - Shot Misses the Net.
11:14 of 2nd period - Puck is out of play.
11:15 of 2nd period - Tyler Seguin wins face-off versus Elias Pettersson in Arizona Coyotes zone.
11:15 of 2nd period - Tyler Seguin is hit by Tage Thompson.
11:46 of 2nd period - Minor Penalty to Mikhail Sergachev for Holding.
11:47 of 2nd period - Claude Giroux wins face-off versus Andrew Copp in St.Louis Blues zone.
12:15 of 2nd period - Wrist shot by Tyler Seguin.
12:15 of 2nd period - Stopped by Scott Wedgewood without a rebound.
12:16 of 2nd period - Tyler Seguin wins face-off versus Nico Sturm in St.Louis Blues zone.
12:41 of 2nd period - Mats Zuccarello is hit by Colton Parayko and loses puck.
13:46 of 2nd period - Penalty to Mikhail Sergachev is over, Mikhail Sergachev is back on ice.
14:25 of 2nd period - Wrist shot by Yanni Gourde.
14:25 of 2nd period - Stopped by Carter Hart with a rebound.
14:27 of 2nd period - Slapshot by Jake Sanderson.
14:27 of 2nd period - Shot Blocked by Brayden McNabb.
14:33 of 2nd period - Slapshot by Mikhail Sergachev.
14:33 of 2nd period - Deflect By Mason McTavish.
14:33 of 2nd period - Goal by Mikhail Sergachev - St.Louis Blues : 1 - Arizona Coyotes : 0.
14:34 of 2nd period - Claude Giroux wins face-off versus Robert Thomas in neutral zone.
14:36 of 2nd period - Minor Penalty to T.J. Oshie for Tripping.
14:37 of 2nd period - Claude Giroux wins face-off versus Jack Eichel in Arizona Coyotes zone.
15:06 of 2nd period - Snap shot by Elias Pettersson.
15:06 of 2nd period - Shot Blocked by Charlie Coyle.
16:36 of 2nd period - Penalty to T.J. Oshie is over, T.J. Oshie is back on ice.
16:52 of 2nd period - Wrist shot by Andrew Copp.
16:52 of 2nd period - Stopped by Carter Hart with a rebound.
17:49 of 2nd period - Icing by Ondrej Palat.
17:50 of 2nd period - Andrew Copp wins face-off versus James van Riemsdyk in Arizona Coyotes zone.
17:57 of 2nd period - Mikhail Sergachev is hit by Tyler Seguin and loses puck.
18:18 of 2nd period - Wrist shot by Mats Zuccarello.
18:18 of 2nd period - Shot Misses the Net.
18:20 of 2nd period - Snap shot by Claude Giroux.
18:20 of 2nd period - Stopped by Scott Wedgewood with a rebound.
18:40 of 2nd period - Wrist shot by Mark Stone.
18:40 of 2nd period - Shot Blocked by Charlie Coyle.
18:42 of 2nd period - Snap shot by Mark Stone.
18:42 of 2nd period - Shot Blocked by Jani Hakanpaa.
18:44 of 2nd period - Snap shot by Jack Eichel.
18:44 of 2nd period - Shot Misses the Net.
19:04 of 2nd period - Wrist shot by Tage Thompson.
19:04 of 2nd period - Stopped by Carter Hart without a rebound.
19:05 of 2nd period - Robert Thomas wins face-off versus Claude Giroux in Arizona Coyotes zone.
19:06 of 2nd period - Wrist shot by Evander Kane.
19:06 of 2nd period - Shot Misses the Net.
19:08 of 2nd period - Slapshot by Lawson Crouse.
19:08 of 2nd period - Stopped by Carter Hart without a rebound.
19:09 of 2nd period - Robert Thomas wins face-off versus Charlie Coyle in Arizona Coyotes zone.
19:17 of 2nd period - Minor Penalty to Lawson Crouse for Tripping.
19:18 of 2nd period - Claude Giroux wins face-off versus Andrew Copp in St.Louis Blues zone.
19:18 of 2nd period - Snap shot by Mats Zuccarello.
19:18 of 2nd period - Shot Blocked by Jake Sanderson.
19:20 of 2nd period - Wrist shot by Claude Giroux.
19:20 of 2nd period - Shot Hit the Post.
19:26 of 2nd period - Backhand shot by Mats Zuccarello.
19:26 of 2nd period - Shot Blocked by Jake Sanderson.
19:28 of 2nd period - Slapshot by Jared Spurgeon.
19:28 of 2nd period - Stopped by Scott Wedgewood without a rebound.
19:29 of 2nd period - Nico Sturm wins face-off versus Claude Giroux in St.Louis Blues zone.
19:40 of 2nd period - Slapshot by Dmitry Orlov.
19:40 of 2nd period - Shot Misses the Net.
Goals for this period are 1 for St.Louis Blues vs 0 for Arizona Coyotes.
Shots for this period are 10 for St.Louis Blues vs 10 for Arizona Coyotes.
3rd period
0:01 of 3rd period - Nico Sturm wins face-off versus Claude Giroux in neutral zone.
0:04 of 3rd period - Slapshot by Jake Sanderson.
0:04 of 3rd period - Shot Blocked by Claude Giroux.
0:26 of 3rd period - Elias Pettersson is hit by Erik Haula.
1:17 of 3rd period - Penalty to Lawson Crouse is over, Lawson Crouse is back on ice.
1:46 of 3rd period - Wrist shot by Jared Spurgeon.
1:46 of 3rd period - Shot Misses the Net.
2:27 of 3rd period - Jani Hakanpaa is hit by Nico Sturm and loses puck.
2:44 of 3rd period - Wrist shot by Brock McGinn.
2:44 of 3rd period - Shot Misses the Net.
3:06 of 3rd period - Snap shot by Lawson Crouse.
3:06 of 3rd period - Deflect By Radko Gudas.
3:06 of 3rd period - Shot Blocked by Erik Haula.
3:06 of 3rd period - Puck is out of play.
3:07 of 3rd period - Elias Pettersson wins face-off versus Claude Giroux in Arizona Coyotes zone.
3:19 of 3rd period - Wrist shot by Claude Giroux.
3:19 of 3rd period - Deflect By Mats Zuccarello.
3:19 of 3rd period - Goal by Mats Zuccarello - St.Louis Blues : 1 - Arizona Coyotes : 1.
3:20 of 3rd period - Jack Eichel wins face-off versus Claude Giroux in neutral zone.
3:29 of 3rd period - Wrist shot by Jake Guentzel.
3:29 of 3rd period - Shot Misses the Net.
3:31 of 3rd period - Snap shot by Jake Guentzel.
3:31 of 3rd period - Shot Misses the Net.
3:33 of 3rd period - Snap shot by Jake Guentzel.
3:33 of 3rd period - Stopped by Carter Hart with a rebound.
3:47 of 3rd period - Adam Pelech is hit by Brayden McNabb and loses puck.
4:02 of 3rd period - Tage Thompson is hit by Ondrej Palat and loses puck.
4:24 of 3rd period - Slapshot by Tage Thompson.
4:24 of 3rd period - Shot Misses the Net.
4:26 of 3rd period - Wrist shot by Alex Tuch.
4:26 of 3rd period - Stopped by Carter Hart with a rebound.
4:28 of 3rd period - Snap shot by Elias Pettersson.
4:28 of 3rd period - Shot Misses the Net.
4:30 of 3rd period - Snap shot by Alex Tuch.
4:30 of 3rd period - Shot Misses the Net.
4:32 of 3rd period - Slapshot by Adam Pelech.
4:32 of 3rd period - Shot Blocked by Dmitry Orlov.
4:34 of 3rd period - Snap shot by Tage Thompson.
4:34 of 3rd period - Shot Blocked by Jared Spurgeon.
4:38 of 3rd period - Slapshot by Elias Pettersson.
4:38 of 3rd period - Shot Blocked by Ondrej Palat.
4:40 of 3rd period - Snap shot by Tage Thompson.
4:40 of 3rd period - Stopped by Carter Hart with a rebound.
4:42 of 3rd period - Snap shot by Alex Tuch.
4:42 of 3rd period - Shot Misses the Net.
4:44 of 3rd period - Snap shot by Alex Tuch.
4:44 of 3rd period - Shot Blocked by Dmitry Orlov.
4:46 of 3rd period - Slapshot by Tage Thompson.
4:46 of 3rd period - Stopped by Carter Hart without a rebound.
4:47 of 3rd period - Jack Eichel wins face-off versus Claude Giroux in Arizona Coyotes zone.
5:03 of 3rd period - Minor Penalty to Jake Guentzel for Hooking.
5:04 of 3rd period - Nico Sturm wins face-off versus Erik Haula in St.Louis Blues zone.
5:04 of 3rd period - Nico Sturm is hit by T.J. Oshie.
7:03 of 3rd period - Penalty to Jake Guentzel is over, Jake Guentzel is back on ice.
7:12 of 3rd period - Icing by Jake Guentzel.
7:13 of 3rd period - Jack Eichel wins face-off versus Mason McTavish in St.Louis Blues zone.
7:44 of 3rd period - Wrist shot by Brayden McNabb.
7:44 of 3rd period - Stopped by Scott Wedgewood without a rebound.
7:45 of 3rd period - Robert Thomas wins face-off versus Claude Giroux in St.Louis Blues zone.
7:50 of 3rd period - Claude Giroux is hit by Robert Thomas.
8:02 of 3rd period - Robert Thomas is hit by Claude Giroux and loses puck.
8:17 of 3rd period - Slapshot by Lawson Crouse.
8:17 of 3rd period - Stopped by Carter Hart with a rebound.
8:23 of 3rd period - Lawson Crouse is hit by Jakob Silfverberg and loses puck.
10:25 of 3rd period - Off-side.
10:26 of 3rd period - Claude Giroux wins face-off versus Jack Eichel in neutral zone.
11:02 of 3rd period - Wrist shot by Dmitry Orlov.
11:02 of 3rd period - Shot Misses the Net.
11:25 of 3rd period - Icing by Evander Kane.
11:26 of 3rd period - Claude Giroux wins face-off versus Robert Thomas in St.Louis Blues zone.
11:27 of 3rd period - Wrist shot by Mats Zuccarello.
11:27 of 3rd period - Shot Misses the Net.
11:29 of 3rd period - Slapshot by Brayden McNabb.
11:29 of 3rd period - Shot Blocked by Alex Pietrangelo.
11:31 of 3rd period - Wrist shot by T.J. Oshie.
11:31 of 3rd period - Stopped by Scott Wedgewood with a rebound.
11:33 of 3rd period - Slapshot by Jani Hakanpaa.
11:33 of 3rd period - Stopped by Scott Wedgewood with a rebound.
11:35 of 3rd period - Snap shot by Mats Zuccarello.
11:35 of 3rd period - Stopped by Scott Wedgewood with a rebound.
11:37 of 3rd period - Snap shot by Claude Giroux.
11:37 of 3rd period - Goal by Claude Giroux - St.Louis Blues : 1 - Arizona Coyotes : 2.
11:38 of 3rd period - Claude Giroux wins face-off versus Elias Pettersson in neutral zone.
11:38 of 3rd period - Claude Giroux is hit by Elias Pettersson.
12:05 of 3rd period - Jake Sanderson is hit by Brayden McNabb and loses puck.
12:12 of 3rd period - Slapshot by James van Riemsdyk.
12:12 of 3rd period - Stopped by Scott Wedgewood with a rebound.
12:26 of 3rd period - Evander Kane is hit by Charlie Coyle and loses puck.
12:33 of 3rd period - Wrist shot by Ondrej Palat.
12:33 of 3rd period - Shot Misses the Net.
12:35 of 3rd period - Wrist shot by Jakob Silfverberg.
12:35 of 3rd period - Stopped by Scott Wedgewood with a rebound.
13:16 of 3rd period - Snap shot by Mats Zuccarello.
13:16 of 3rd period - Shot Blocked by Tage Thompson.
13:32 of 3rd period - Snap shot by Jake Guentzel.
13:32 of 3rd period - Shot Blocked by Brayden McNabb.
13:36 of 3rd period - Wrist shot by Jack Eichel.
13:36 of 3rd period - Shot Misses the Net.
13:56 of 3rd period - Wrist shot by Robert Thomas.
13:56 of 3rd period - Shot Misses the Net.
13:58 of 3rd period - Snap shot by Robert Thomas.
13:58 of 3rd period - Stopped by Carter Hart without a rebound.
13:59 of 3rd period - Robert Thomas wins face-off versus Charlie Coyle in Arizona Coyotes zone.
14:02 of 3rd period - Wrist shot by Lawson Crouse.
14:02 of 3rd period - Stopped by Carter Hart with a rebound.
14:06 of 3rd period - Wrist shot by Robert Thomas.
14:06 of 3rd period - Deflect By Jakob Silfverberg.
14:06 of 3rd period - Shot Misses the Net.
14:06 of 3rd period - Puck is out of play.
14:07 of 3rd period - Claude Giroux wins face-off versus Elias Pettersson in Arizona Coyotes zone.
14:55 of 3rd period - Wrist shot by Jack Eichel.
14:55 of 3rd period - Deflect By Lawson Crouse.
14:55 of 3rd period - Shot Blocked by Jani Hakanpaa.
14:55 of 3rd period - Puck is out of play.
14:56 of 3rd period - Robert Thomas wins face-off versus Charlie Coyle in Arizona Coyotes zone.
15:13 of 3rd period - Snap shot by Charlie Coyle.
15:13 of 3rd period - Stopped by Scott Wedgewood with a rebound.
15:30 of 3rd period - Snap shot by Evander Kane.
15:30 of 3rd period - Shot Misses the Net.
15:32 of 3rd period - Wrist shot by Evander Kane.
15:32 of 3rd period - Stopped by Carter Hart with a rebound.
15:34 of 3rd period - Wrist shot by Adam Pelech.
15:34 of 3rd period - Stopped by Carter Hart with a rebound.
15:42 of 3rd period - Wrist shot by Robert Thomas.
15:42 of 3rd period - Stopped by Carter Hart without a rebound.
15:43 of 3rd period - Claude Giroux wins face-off versus Elias Pettersson in Arizona Coyotes zone.
15:52 of 3rd period - Wrist shot by Alex Tuch.
15:52 of 3rd period - Shot Misses the Net.
15:54 of 3rd period - Backhand shot by Alex Pietrangelo.
15:54 of 3rd period - Shot Blocked by Dmitry Orlov.
15:56 of 3rd period - Snap shot by Tage Thompson.
15:56 of 3rd period - Shot Misses the Net.
16:00 of 3rd period - Snap shot by Elias Pettersson.
16:00 of 3rd period - Shot Misses the Net.
16:06 of 3rd period - Minor Penalty to Dmitry Orlov for Interference.
16:07 of 3rd period - Claude Giroux wins face-off versus Elias Pettersson in Arizona Coyotes zone.
16:07 of 3rd period - Claude Giroux is hit by Tage Thompson.
16:54 of 3rd period - Matt Dumba is hit by Robert Thomas and loses puck.
17:36 of 3rd period - Snap shot by Jack Eichel.
17:36 of 3rd period - Stopped by Carter Hart with a rebound.
17:38 of 3rd period - Slapshot by Robert Thomas.
17:38 of 3rd period - Shot Misses the Net.
17:40 of 3rd period - Wrist shot by Robert Thomas.
17:40 of 3rd period - Goal by Robert Thomas - St.Louis Blues : 2 - Arizona Coyotes : 2.
17:41 of 3rd period - Nico Sturm wins face-off versus Claude Giroux in neutral zone.
17:44 of 3rd period - Slapshot by Jake Sanderson.
17:44 of 3rd period - Deflect By Nico Sturm.
17:44 of 3rd period - Stopped by Carter Hart without a rebound.
17:45 of 3rd period - Nico Sturm wins face-off versus T.J. Oshie in Arizona Coyotes zone.
17:52 of 3rd period - Snap shot by Andrew Copp.
17:52 of 3rd period - Stopped by Carter Hart with a rebound.
18:28 of 3rd period - Snap shot by Elias Pettersson.
18:28 of 3rd period - Stopped by Carter Hart with a rebound.
18:30 of 3rd period - Slapshot by Adam Pelech.
18:30 of 3rd period - Shot Blocked by Charlie Coyle.
18:32 of 3rd period - Snap shot by Tage Thompson.
18:32 of 3rd period - Stopped by Carter Hart without a rebound.
18:33 of 3rd period - Charlie Coyle wins face-off versus Robert Thomas in Arizona Coyotes zone.
18:33 of 3rd period - Charlie Coyle is hit by Robert Thomas.
18:50 of 3rd period - Wrist shot by Lawson Crouse.
18:50 of 3rd period - Shot Misses the Net.
19:37 of 3rd period - Slapshot by James van Riemsdyk.
19:37 of 3rd period - Deflect By Erik Haula.
19:37 of 3rd period - Stopped by Scott Wedgewood without a rebound.
19:38 of 3rd period - Tyler Seguin wins face-off versus Elias Pettersson in St.Louis Blues zone.
Goals for this period are 1 for St.Louis Blues vs 2 for Arizona Coyotes.
Shots for this period are 16 for St.Louis Blues vs 10 for Arizona Coyotes.
Overtime #1
0:01 of 1st overtime period - Tage Thompson wins face-off versus Claude Giroux in neutral zone.
0:14 of 1st overtime period - Backhand shot by Tage Thompson.
0:14 of 1st overtime period - Shot Misses the Net.
0:16 of 1st overtime period - Wrist shot by Tage Thompson.
0:16 of 1st overtime period - Stopped by Carter Hart with a rebound.
0:31 of 1st overtime period - Tyler Seguin is hit by Colton Parayko and loses puck.
3:33 of 1st overtime period - Lawson Crouse is hit by James van Riemsdyk and loses puck.
4:24 of 1st overtime period - Mikhail Sergachev is hit by Jani Hakanpaa and loses puck.
Goals for this period are 0 for St.Louis Blues vs 0 for Arizona Coyotes.
Shots for this period are 1 for St.Louis Blues vs 0 for Arizona Coyotes.
ShootOut
5:00 of 1st overtime period - Round #1.
5:00 of 1st overtime period - St.Louis Blues, Elias Pettersson.
5:00 of 1st overtime period - Deke by Elias Pettersson.
5:00 of 1st overtime period - Shot Misses the Net.
5:00 of 1st overtime period - Arizona Coyotes, Claude Giroux.
5:00 of 1st overtime period - Snap shot by Claude Giroux.
5:00 of 1st overtime period - Stopped by Scott Wedgewood.
5:00 of 1st overtime period - Round #2.
5:00 of 1st overtime period - St.Louis Blues, Tage Thompson.
5:00 of 1st overtime period - Snap shot by Tage Thompson.
5:00 of 1st overtime period - Goal by Tage Thompson.
5:00 of 1st overtime period - Arizona Coyotes, Mats Zuccarello.
5:00 of 1st overtime period - Backhand shot by Mats Zuccarello.
5:00 of 1st overtime period - Stopped by Scott Wedgewood.
5:00 of 1st overtime period - Round #3.
5:00 of 1st overtime period - St.Louis Blues, Alex Tuch.
5:00 of 1st overtime period - Wrist shot by Alex Tuch.
5:00 of 1st overtime period - Goal by Alex Tuch.
Back to the Top